AoeStats
← scribbledreamer

Arena

506567750Analyzed
4v4 RM · 18d ago on Sep 14, 2026· 44m 47s· 8 players
Game mode
Random Map
Map size
Large (8 player)
Population
200
Speed
Normal
Resources
Standard
Victory
Conquest
Starting age
Dark Age
Ending age
Imperial Age
RankedLock teamsTeams togetherTeam positionsShared explorationLock speedFull tech treeHidden civsTurbo modeCheats
Victory
Defeat
🇨🇳 Hindustanis · China
959
+14
🇺🇸 Georgians · United States
896
+16
🇺🇸 Britons · United States
840
+19
🇺🇸 Ethiopians · United States
829
+19
🇲🇽 Malay · Mexico
980
-20
🇺🇸 Persians · United States
901
-17
🇺🇸 Cumans · United States
899
-17
🇲🇽 Magyars · Mexico
827
-14
Chevalierpersan
0:39 Loom
10:08 Feudal Age
11:19 Wheelbarrow
10:30 Town Watch
10:33 Double-Bit Axe
11:10 Gold Mining
11:42 Stone Mining
15:24 Horse Collar
22:03 Castle Age
22:38 Bloodlines
22:50 Hand Cart
22:35 Town Patrol
23:21 Fervor
23:51 Heavy Plow
25:13 Scale Barding Armor
25:19 Forging
25:02 Fletching
25:13 Scale Mail Armor
27:40 Husbandry
28:02 Chain Barding Armor
28:37 Gold Shaft Mining
28:17 Bow Saw
29:33 Iron Casting
33:29 Chain Mail Armor
34:13 Stone Shaft Mining
33:31 Pikeman
34:12 Squires
33:57 Arson
35:16 Squires
35:02 Gambesons
35:15 Bodkin Arrow
Mono de Guayaba
12:42 Feudal Age
17:47 Castle Age
15:55 Double-Bit Axe
15:51 Horse Collar
16:03 Gold Mining
17:44 Wheelbarrow
16:56 Loom
16:56 Town Watch
18:59 Bow Saw
21:56 Fletching
23:33 Pikeman
24:11 Bodkin Arrow
24:49 Thumb Ring
24:46 Padded Archer Armor
25:37 Husbandry
26:14 Scale Mail Armor
27:30 Leather Archer Armor
35:36 Elite Skirmisher
37:16 Bloodlines
38:46 Scale Barding Armor
40:09 Hand Cart
AquilesBaeza952
13:27 Feudal Age
12:55 Loom
17:14 Castle Age
15:38 Double-Bit Axe
20:24 Fletching
22:31 Forging
22:16 Bodkin Arrow
25:34 Bow Saw
25:53 Horse Collar
32:45 Wheelbarrow
35:02 Iron Casting
38:26 Imperial Age
37:27 Squires
37:13 Arson
38:13 Hand Cart
39:47 Bracer
42:09 Conscription
41:43 Pikeman
43:49 Blast Furnace
43:08 Thumb Ring
42:24 Crossbowman
42:55 Onager
44:03 Elite Skirmisher
scribbledreamer
6:21 Loom
12:39 Feudal Age
13:42 Horse Collar
13:50 Double-Bit Axe
22:12 Forging
25:49 Castle Age
27:05 Iron Casting
27:53 Fletching
28:21 Elite Skirmisher
30:37 Pikeman
31:51 Capped Ram
32:42 Bodkin Arrow
37:08 Scale Mail Armor
Captain Crabby
11:35 Feudal Age
12:15 Double-Bit Axe
15:44 Castle Age
13:48 Horse Collar
14:45 Gold Mining
15:51 Forging
16:35 Scale Barding Armor
20:25 Loom
21:25 Wheelbarrow
22:02 Husbandry
23:41 Bow Saw
24:50 Chain Barding Armor
24:35 Stone Mining
26:03 Iron Casting
26:53 Bloodlines
27:55 Hand Cart
27:45 Caravan
31:33 Fletching
32:49 Ballistics
33:19 Stone Shaft Mining
35:23 Imperial Age
35:44 Cavalier
37:01 Plate Barding Armor
37:53 Bodkin Arrow
38:58 Blast Furnace
39:28 Chemistry
38:35 Heavy Plow
38:40 Bracer
40:52 Svan Towers
41:52 Siege Engineers
43:51 Guard Tower
43:48 Arrowslits
TheGigoloJoe
7:57 Loom
11:44 Feudal Age
12:52 Double-Bit Axe
12:51 Horse Collar
18:22 Castle Age
19:09 Stone Mining
19:29 Fletching
19:40 Padded Archer Armor
20:19 Bow Saw
20:05 Gold Mining
19:47 Crossbowman
26:28 Bodkin Arrow
26:49 Leather Archer Armor
33:55 Ballistics
40:54 Imperial Age
39:00 Wheelbarrow
41:19 Arbalester
43:04 Chemistry
43:03 Caravan
43:45 Ring Archer Armor
43:55 Conscription
44:00 Yeomen
43:31 Treadmill Crane
45:09 Bracer
Loko_Soko
11:21 Feudal Age
11:27 Loom
16:40 Castle Age
14:48 Horse Collar
15:39 Fletching
17:07 Padded Archer Armor
18:14 Bodkin Arrow
22:05 Forging
22:58 Crossbowman
23:26 Arson
24:22 Scale Mail Armor
26:58 Stone Mining
29:28 Wheelbarrow
28:41 Town Watch
29:29 Caravan
32:37 Thumb Ring
32:49 Leather Archer Armor
36:40 Double-Bit Axe
42:15 Imperial Age
41:12 Iron Casting
41:35 Chain Mail Armor
43:26 Arbalester
45:16 Heavy Plow
130农在出兵
10:11 Feudal Age
13:54 Castle Age
12:14 Double-Bit Axe
12:24 Horse Collar
21:04 Loom
23:10 Bow Saw
23:01 Heavy Plow
24:40 Wheelbarrow
25:13 Gold Mining
25:14 Stone Mining
26:27 Hand Cart
30:35 Imperial Age
28:12 Husbandry
28:52 Gold Shaft Mining
28:52 Stone Shaft Mining
28:39 Forging
28:35 Scale Barding Armor
29:22 Fortified Wall
29:08 Murder Holes
29:24 Masonry
30:01 Iron Casting
29:16 Town Watch
29:59 Bloodlines
30:06 Town Patrol
30:46 Grand Trunk Road
31:39 Conscription
32:46 Two-Man Saw
32:50 Blast Furnace
32:10 Chain Barding Armor
31:51 Scale Mail Armor
31:42 Heavy Camel Rider
34:30 Plate Barding Armor
33:57 Imperial Camel Rider
37:10 Chain Mail Armor
36:46 Fletching
38:33 Elite Ghulam
39:14 Shatagni
42:00 Fervor
43:47 Hoardings
Connection lost

Rejoining the realm…

Still unreachable

The connection could not be restored.

Session expired

The server has moved on; the page needs a fresh start.